 Dungeon Crawl Stone Soup version 0.31-a0-216-g22e908daa7 (webtiles) character file.

Game seed: 14965923066643761891

137 qw the Shooter (level 5, -1/41 HPs)
             Began as a Minotaur Hexslinger on July 1, 2023.
             Was an Initiate of Okawaru.
             Slain by Ijyb
             ... wielding a +0 club
              (5 damage)
             ... on level 3 of the Dungeon.
             The game lasted 00:00:36 (1340 turns).

qw the Shooter (Minotaur Hexslinger)                Turns: 1340, Time: 00:00:37

Health: -1/41      AC:  5    Str: 13    XL:     5   Next: 0%
Magic:  5/5        EV: 11    Int: 10    God:    Okawaru [......]
Gold:   126        SH:  0    Dex: 14    Spells: 5/6 levels left

rFire   . . .        Y - +1 sling
rCold   . . .        (no shield)
rNeg    . . .        d - +0 ring mail
rPois   .            (helmet restricted)
rElec   .            (no cloak)
rCorr   .            (no gloves)
SInv    .            (no boots)
Will    .....        (no amulet)
Stlth   +            (no ring)
HPRegen 0.26/turn    (no ring)
MPRegen 0.09/turn

%: no passive effects
@: no status effects
A: horns 2, retaliatory headbutt
a: Renounce Religion


You were on level 3 of the Dungeon.
You worshipped Okawaru.
Okawaru was noncommittal.
You visited 1 branch of the dungeon, and saw 3 of its levels.

You collected 126 gold pieces.


Innate Abilities, Weirdness & Mutations

You have a pair of horns on your head.
You reflexively headbutt those who attack you in melee.


   Skills:
 + Level 2.2 Fighting
 - Level 5.2 Ranged Weapons
 - Level 1.0 Armour
 - Level 2.1 Dodging
 - Level 1.0 Spellcasting
 - Level 2.0 Hexes


You had 5 spell levels left.
You knew the following spells:

 Your Spells              Type           Power      Damage    Failure   Level
a - Slow                  Hex            16%        N/A       32%         1

Your spell library contained the following spells:

 Spells                   Type           Power      Damage    Failure   Level
 Inner Flame              Hex/Fire       2%         N/A       82%         3
 Portal Projectile        Hex/Tloc       4%         N/A       82%         3
 Cause Fear               Hex            2%         N/A       97%         4

Inventory:

Hand Weapons
 Y - a +1 sling (weapon)
Armour
 d - a +0 ring mail (worn)
Jewellery
 a - an amulet of the acrobat
Scrolls
 c - a scroll of summoning {unknown}
 f - a scroll of identify
 j - a scroll of acquirement {unknown}
Potions
 b - a potion of enlightenment {unknown}
 e - a potion of curing {unknown}
 g - a potion of lignification {unknown}
 h - a potion of cancellation {unknown}
 i - a potion of attraction {unknown}

Dungeon Overview and Level Annotations

Branches:
Dungeon (3/15)

Altars:
Kikubaaqudgha
Okawaru

Annotations:
D:3 Ijyb


Message History

You shoot a sling bullet. The sling bullet hits Ijyb.
Ijyb is moderately wounded.
Ijyb hits you with a +0 club. x2
You shoot a sling bullet.
The sling bullet hits Ijyb but does no damage.
Ijyb is moderately wounded.
Ijyb closely misses you.
You shoot a sling bullet. The sling bullet closely misses Ijyb.
Ijyb zaps a wand.
The puff of flame hits you!
You shoot a sling bullet. The sling bullet closely misses Ijyb.
Ijyb hits you with a +0 club.
You shoot a sling bullet.
The sling bullet hits Ijyb but does no damage.
Ijyb is moderately wounded.
Ijyb hits you but does no damage. Ijyb hits you with a +0 club.
You shoot a sling bullet. The sling bullet hits Ijyb.
Ijyb is moderately wounded.
Ijyb drinks a potion.
Ijyb seems to grow stronger.
You shoot a sling bullet. The sling bullet hits Ijyb.
Ijyb is moderately wounded.
Ijyb zaps a wand.
The puff of flame misses you.
You shoot a sling bullet. The sling bullet barely misses Ijyb.
Ijyb zaps a wand.
The puff of flame misses you. Ijyb hits you with a +0 club.
You shoot a sling bullet. The sling bullet closely misses Ijyb.
Ijyb zaps a wand.
The puff of flame misses you.
You shoot a sling bullet. The sling bullet hits Ijyb.
Ijyb is heavily wounded.
Ijyb barely misses you.
You shoot a sling bullet. The sling bullet hits Ijyb.
Ijyb is heavily wounded.
Ijyb hits you with a +0 club.
You shoot a sling bullet.
The sling bullet hits Ijyb but does no damage.
Ijyb is heavily wounded.
Ijyb barely misses you. Ijyb hits you with a +0 club!
You shoot a sling bullet. The sling bullet hits Ijyb.
Ijyb is severely wounded.
Ijyb screams, "I no like you!" Ijyb hits you with a +0 club.
You die...

###########
..).......#
......g@..#
#####+##..# #.....#
#.## #.....#
#.#.#........#.#
#.....#
####.#.#........#.#
#.<...#
.......#........#.#
#.....#
.......#........#.#
#.....#
.......#........#.#
#####.....#
.......#........#.#
#.........#


You could see Ijyb (strong).

Vanquished Creatures
  A hound (D:3)
  An orc priest (D:3)
  3 adders
  A dart slug (D:3)
  5 orcs (D:3)
  2 endoplasms (D:2)
  A giant cockroach (D:2)
  2 goblins (D:2)
  6 hobgoblins
  3 jackals (D:3)
  3 quokkas
  4 bats
  3 frilled lizards
  4 kobolds
  10 rats
49 creatures vanquished.

Notes
Turn   | Place    | Note
-------+----------+-------------------------------------------
     0 | D:1      | qw the Minotaur Hexslinger began the quest for the Orb.
     0 | D:1      | Reached XP level 1. HP: 16/16 MP: 1/1
     0 | D:1      | 0 ||| qw: Version: 0.3-a-35-g05ef00e
     0 | D:1      | 0 ||| qw: Game counter: 7718
     0 | D:1      | 0 ||| qw: Melee chars always use a shield: true
     0 | D:1      | 0 ||| qw: God list: Okawaru
     0 | D:1      | 0 ||| qw: Allow faded altars: false
     0 | D:1      | 0 ||| qw: Do Orc after clearing Dungeon:15 true
     0 | D:1      | 0 ||| qw: Do second Lair branch before Depths: true
     0 | D:1      | 0 ||| qw: Lair rune preference: random
     0 | D:1      | 0 ||| qw: Goals: Normal
     0 | D:1      | 0 ||| PLANNING D:1-11
   158 | D:1      | Found a faded altar of an unknown god.
   281 | D:1      | Reached skill level 3 in Ranged Weapons
   281 | D:1      | Reached XP level 2. HP: 23/23 MP: 2/2
   501 | D:1      | 501 ||| READING scroll labelled EQONIUHOMI.
   502 | D:1      | 502 ||| DROPPING scroll of poison.
   563 | D:2      | Identified the +7 mace "Walywnon" {drain, Will+ Str+2 Dex+3
                  | Stlth+}
   652 | D:2      | Reached XP level 3. HP: 29/29 MP: 3/3
   662 | D:2      | Found an ancient bone altar of Kikubaaqudgha.
   957 | D:2      | 957 ||| UPGRADING to +0 ring mail.
   967 | D:2      | 967 ||| DROPPING +0 robe.
  1018 | D:3      | Reached skill level 4 in Ranged Weapons
  1101 | D:3      | Reached skill level 1 in Armour
  1115 | D:3      | Reached XP level 4. HP: 18/36 MP: 4/4
  1199 | D:3      | Found an iron altar of Okawaru.
  1200 | D:3      | 1200 ||| PLANNING OKAWARU WORSHIP
  1216 | D:3      | Became a worshipper of Warmaster Okawaru
  1217 | D:3      | 1217 ||| PLANNING D:1-11
  1229 | D:3      | Reached skill level 5 in Ranged Weapons
  1290 | D:3      | Reached XP level 5. HP: 41/41 MP: 5/5
  1319 | D:3      | Noticed Ijyb
  1339 | D:3      | HP: 3/41 [Ijyb/+0 club (8)]
  1340 | D:3      | Slain by Ijyb

Levels and vault maps discovered:
D:1:      scummos_arrival_star, layout_loops_cross, ebering_ecumenical_altar_box
D:2:      layout_rooms, basic_altar
D:3:      minmay_inner_zag, layout_rooms, mainiacjoe_overflow_catwalk,
          minivault_25, uniq_ijyb

Skill      XL: |  1  2  3  4 |
---------------+-------------+-----
Ranged Weapons | 3 4 5 |  5.2
Fighting       | 2 |  2.2
Armour         | 1 |  1.0
Dodging        | |  2.1
Spellcasting   | |  1.0
Hexes          | |  2.0

Action                     |  1- 3 |  4- 6 || total
---------------------------+-------+-------++-------
   Fire: Sling             |   113 |    42 ||   155
    Use: Scroll            |     1 |       ||     1
 Armour: Robe              |     3 |       ||     3
         Ring mail         |    10 |     3 ||    13
  Dodge: Dodged            |    25 |    12 ||    37

Table legend:
 A = Non-vault XP
 B = Vault XP
 C = Vault XP percentage of total XP
 D = Non-vault monster count
 E = Vault monster count
 F = Vault count percentage of total count
                 A         B        C        D         E       F
            +---------+---------+-------+---------+---------+-------
      Total |     194 |       2 |   1.0 |      47 |       2 |   4.1
            +---------+---------+-------+---------+---------+-------
        D:1 |      15 |       0 |   0.0 |      12 |       0 |   0.0
        D:2 |      38 |       0 |   0.0 |      18 |       0 |   0.0
        D:3 |     141 |       2 |   1.4 |      17 |       2 |  10.5
            +---------+---------+-------+---------+---------+-------
